 Dungeon Crawl Stone Soup version 0.29.0-4-gdea44cf6ec (webtiles) character file.

Game seed: 3915982763830745862

531 qw the Sneak (level 7, 0/41 HPs)
             Began as a Gargoyle Delver on Sept 10, 2022.
             Slain by a gnoll sergeant
             ... wielding a +0 spear of flaming
              (1 damage)
             ... on level 5 of the Dungeon.
             The game lasted 00:02:14 (4986 turns).

qw the Sneak (Gargoyle Delver)                      Turns: 4986, Time: 00:02:15

Health: 0/41       AC: 12    Str: 17    XL:     7   Next: 24%
Magic:  7/7        EV: 10    Int: 11    God:
Gold:   233        SH: 11    Dex: 20    Spells: 6/6 levels left

rFire   . . .      SeeInvis .   Y - +0 hand axe
rCold   . . .      Faith    .   e - +0 kite shield
rNeg    + . .      Spirit   .   k - +3 leather armour "Alauffeo" {+Blink Will+ Dex+3}
rPois   inf        Reflect  .   m - +0 helmet
rElec   +          Harm     .   (no cloak)
rCorr   .          Rampage  .   (no gloves)
Will    +....                   (no boots)
Stlth   +++.......              (no amulet)
HPRegen 0.13/turn               n - +6 ring of dexterity
MPRegen 0.10/turn               (no ring)

@: no status effects
A: sickness immunity, AC +4, negative energy resistance 1, electricity
resistance, torment resistance 1, petrification resistance
a: Evoke Blink


You were on level 5 of the Dungeon.
You visited 1 branch of the dungeon, and saw 5 of its levels.

You collected 253 gold pieces.
You spent 20 gold pieces at shops.


Innate Abilities, Weirdness & Mutations

You are immune to sickness and miasma.
Your stone body is resilient. (AC +4)
You are immune to poison.
You resist negative energy. (rN+)
You are resistant to electric shocks. (rElec)
You are resistant to unholy torment.
You are immune to petrification.


   Skills:
 - Level 3.2 Fighting
 - Level 5.0 Axes
 - Level 1.2 Armour
 + Level 1.5 Dodging
 - Level 5.4 Stealth
 - Level 5.4 Shields


You had 6 spell levels left.
You didn't know any spells.
Your spell library was empty.

Inventory:

Hand Weapons
 o - a +0 flail
 Y - a +0 hand axe (weapon)
Armour
 e - a +0 kite shield (worn)
 k - the +3 leather armour "Alauffeo" (worn) {+Blink Will+ Dex+3}
   (You found it on level 3 of the Dungeon)

   Dex:       It affects your dexterity (+3).
   +Blink:    It lets you blink.
   Will:      It increases your willpower.
 m - a +0 helmet (worn)
Jewellery
 n - a +6 ring of dexterity (left hand)
Wands
 g - a wand of digging (3)
Scrolls
 a - a scroll of identify
Potions
 d - 2 potions of resistance
 f - 4 potions of haste
 h - a potion of heal wounds
 i - a potion of brilliance {unknown}
 j - a potion of might

Dungeon Overview and Level Annotations

Branches:
Dungeon (5/15)
 Temple: D:4-7

Altars:
Yredelemnul

Shops:
D:1 ?

Annotations:
D:4 3 runed translucent doors, qw's ghost, weakling GrDe


Message History

The gnoll sergeant hits you but does no damage.
The gnoll hits you with a +0 whip.
The gnoll sergeant completely misses you.
You barely miss the gnoll sergeant. You hit the gnoll.
You block the gnoll's attack. You block the gnoll sergeant's attack.
You slash the gnoll!
You kill the gnoll!
You hit the gnoll sergeant.
The gnoll sergeant hits you with a +0 spear of flaming.
The gnoll sergeant burns you.
Your Axes skill increases to level 5!
You hit the gnoll sergeant but do no damage.
The gnoll sergeant is lightly wounded.
You hit the gnoll. The gnoll hits you with a +0 club.
You block the gnoll sergeant's attack.
You hit the gnoll sergeant but do no damage.
The gnoll sergeant is lightly wounded.
You hit the gnoll. The gnoll hits you with a +0 club.
You block the gnoll sergeant's attack. The gnoll sergeant barely misses you.
The gnoll hits you with a +0 club.
You hit the gnoll sergeant.
The gnoll sergeant is moderately wounded.
You hit the gnoll.
The gnoll sergeant hits you with a +0 spear of flaming!
The gnoll sergeant burns you. You block the gnoll's attack.
You hit the gnoll but do no damage.
The gnoll is heavily wounded.
You hit the gnoll sergeant but do no damage.
The gnoll closely misses you. You block the gnoll sergeant's attack.
You closely miss the gnoll.
The gnoll is heavily wounded.
You hit the gnoll sergeant but do no damage.
The gnoll hits you but does no damage. You block the gnoll sergeant's attack.
You hit the gnoll.
The gnoll is heavily wounded.
You hit the gnoll sergeant but do no damage.
The gnoll hits you with a +0 club.
The gnoll sergeant hits you with a +0 spear of flaming!
The gnoll sergeant burns you.
You die...

.#.## #.... #....
#.... #.#.###### ..
#........#
...##.gg.....###
.......@........
####............
#######+##.#####...
#..........####...
#.................
#.........#####...
#.........#
######..###
.........######..


You could see a gnoll sergeant and a gnoll.

Vanquished Creatures
  Sigmund (D:3)
  An ogre (D:5)
  A bullfrog zombie (D:4)
  A hound (D:2)
  Terence (D:3)
  Robin (D:3)
  2 gnolls (D:5)
  6 adders (D:2)
  An adder zombie (D:4)
  2 worms
  3 dart slugs
  An orc (D:4)
  7 ball pythons
  8 bats
  4 endoplasms
  7 giant cockroaches
  11 goblins
  11 hobgoblins
  8 jackals (D:2)
  11 kobolds
  3 quokkas
  3 frilled lizards
  4 rats (D:1)
98 creatures vanquished.

Notes
Turn   | Place    | Note
-------+----------+-------------------------------------------
     0 | D:5      | qw the Gargoyle Delver began the quest for the Orb.
     0 | D:5      | Reached XP level 1. HP: 14/14 MP: 1/1
     0 | D:5      | 0 ||| qw: Version: 0.1-a-116-g5d60599
     0 | D:5      | 0 ||| qw: Game counter: 8461
     0 | D:5      | 0 ||| qw: Always use a shield: true
     0 | D:5      | 0 ||| qw: God list: Okawaru
     0 | D:5      | 0 ||| qw: Allow faded altars: false
     0 | D:5      | 0 ||| qw: Do Orc after D:15 true
     0 | D:5      | 0 ||| qw: Do second Lair branch before Depths: true
     0 | D:5      | 0 ||| qw: Lair rune preference: random
     0 | D:5      | 0 ||| qw: Plans: Normal
     0 | D:5      | 0 ||| PLANNING D:1-11
    33 | D:5      | 33 ||| DROPPING scroll of fog.
    34 | D:5      | 34 ||| DROPPING scroll of magic mapping.
    35 | D:5      | 35 ||| DROPPING scroll of fear.
   107 | D:4      | 107 ||| Stepping ~*~*~tactically~*~*~ (hiding).
   208 | D:4      | 208 ||| READING scroll labelled QIMPUBB UMUFF.
   209 | D:4      | 209 ||| READING scroll labelled DOCECA VAGIZUHI.
   222 | D:4      | Reached XP level 2. HP: 14/19 MP: 2/2
   227 | D:4      | 227 ||| FLEEEEING.
   228 | D:4      | 228 ||| FLEEEEING.
   229 | D:4      | 229 ||| FLEEEEING.
   230 | D:4      | 230 ||| FLEEEEING.
   233 | D:4      | 233 ||| STAIRDANCE
   293 | D:3      | 293 ||| Stepping ~*~*~tactically~*~*~ (hiding).
   388 | D:3      | 388 ||| Stepping ~*~*~tactically~*~*~ (stealth).
   391 | D:3      | 391 ||| Stepping ~*~*~tactically~*~*~ (stealth).
   405 | D:3      | 405 ||| Stepping ~*~*~tactically~*~*~ (stealth).
   407 | D:3      | 407 ||| Stepping ~*~*~tactically~*~*~ (stealth).
   409 | D:3      | 409 ||| Stepping ~*~*~tactically~*~*~ (stealth).
   456 | D:3      | 456 ||| DRINKING 2 black potions.
   533 | D:1      | Found Satsa's Magic Scroll Boutique.
   558 | D:1      | 558 ||| BUYING scroll of identify (20 gold).
   558 | D:1      | Bought a scroll of identify for 20 gold pieces
   558 | D:1      | 558 ||| SHOPLISTING scroll of identify (20 gold, have 10).
   576 | D:1      | 576 ||| Stepping ~*~*~tactically~*~*~ (stealth).
   578 | D:1      | 578 ||| Stepping ~*~*~tactically~*~*~ (stealth).
   579 | D:1      | 579 ||| Stepping ~*~*~tactically~*~*~ (hiding).
   581 | D:1      | 581 ||| Stepping ~*~*~tactically~*~*~ (stealth).
   590 | D:1      | HP: 4/19 [dart slug (1)]
   593 | D:1      | Reached skill level 3 in Axes
   922 | D:1      | Reached XP level 3. HP: 23/23 MP: 3/3
  1065 | D:1      | 1065 ||| Stepping ~*~*~tactically~*~*~ (stealth).
  1080 | D:1      | 1080 ||| Stepping ~*~*~tactically~*~*~ (stealth).
  1081 | D:1      | 1081 ||| Stepping ~*~*~tactically~*~*~ (stealth).
  1082 | D:1      | 1082 ||| Stepping ~*~*~tactically~*~*~ (stealth).
  1487 | D:1      | 1487 ||| DROPPING +0 club.
  1516 | D:1      | 1516 ||| UPGRADING to +0 kite shield.
  1521 | D:1      | 1521 ||| READING scroll labelled BOQIEN JATWAA.
  1522 | D:1      | 1522 ||| READING scroll labelled KIPAHU RURIQUEWK.
  1623 | D:1      | 1623 ||| READING 2 scrolls of identify.
  1623 | D:1      | 1623 ||| IDENTIFYING bubbling silvery potion
  1739 | D:2      | Reached skill level 1 in Shields
  1789 | D:2      | Found a faded altar of an unknown god.
  1799 | D:2      | 1799 ||| Stepping ~*~*~tactically~*~*~ (stealth).
  1813 | D:2      | 1813 ||| Stepping ~*~*~tactically~*~*~ (stealth).
  1814 | D:2      | 1814 ||| Stepping ~*~*~tactically~*~*~ (stealth).
  1815 | D:2      | 1815 ||| Stepping ~*~*~tactically~*~*~ (stealth).
  1816 | D:2      | 1816 ||| Stepping ~*~*~tactically~*~*~ (stealth).
  1827 | D:2      | 1827 ||| Stepping ~*~*~tactically~*~*~ (stealth).
  1849 | D:2      | 1849 ||| Stepping ~*~*~tactically~*~*~ (stealth).
  1852 | D:2      | 1852 ||| Stepping ~*~*~tactically~*~*~ (stealth).
  1854 | D:2      | 1854 ||| Stepping ~*~*~tactically~*~*~ (stealth).
  1867 | D:2      | Reached XP level 4. HP: 20/28 MP: 4/4
  2100 | D:2      | Reached skill level 3 in Shields
  2451 | D:2      | 2451 ||| Stepping ~*~*~tactically~*~*~ (stealth).
  2455 | D:2      | 2455 ||| Stepping ~*~*~tactically~*~*~ (hiding).
  2465 | D:2      | Reached XP level 5. HP: 27/32 MP: 5/5
  2734 | D:2      | 2734 ||| Stepping ~*~*~tactically~*~*~ (stealth).
  2736 | D:2      | 2736 ||| Stepping ~*~*~tactically~*~*~ (stealth).
  2912 | D:2      | 2912 ||| Stepping ~*~*~tactically~*~*~ (stealth).
  2914 | D:2      | 2914 ||| Stepping ~*~*~tactically~*~*~ (stealth).
  2972 | D:2      | 2972 ||| UPGRADING to +0 ring mail.
  2982 | D:2      | 2982 ||| DROPPING +0 leather armour.
  2983 | D:2      | 2983 ||| READING scroll labelled SIUBYKHL EHUDEG.
  2984 | D:2      | 2984 ||| READING scroll labelled YXUETWI FUIKH.
  2985 | D:2      | 2985 ||| READING 3 scrolls of identify.
  2985 | D:2      | 2985 ||| IDENTIFYING sapphire potion
  2986 | D:2      | 2986 ||| READING 2 scrolls of identify.
  2986 | D:2      | 2986 ||| IDENTIFYING smoky grey potion
  2987 | D:2      | 2987 ||| DROPPING potion of attraction.
  3130 | D:3      | Identified the +3 leather armour "Alauffeo" {+Blink Will+
                  | Dex+3}
  3149 | D:3      | Noticed Sigmund
  3161 | D:3      | Killed Sigmund
  3162 | D:3      | Reached XP level 6. HP: 37/37 MP: 6/6
  3381 | D:3      | Noticed Terence
  3396 | D:3      | Killed Terence
  3397 | D:3      | Reached skill level 1 in Armour
  3457 | D:3      | Noticed Robin
  3458 | D:3      | 3458 ||| Stepping ~*~*~tactically~*~*~ (stealth).
  3461 | D:3      | 3461 ||| Stepping ~*~*~tactically~*~*~ (stealth).
  3463 | D:3      | 3463 ||| Stepping ~*~*~tactically~*~*~ (stealth).
  3468 | D:3      | 3468 ||| Stepping ~*~*~tactically~*~*~ (stealth).
  3471 | D:3      | 3471 ||| Stepping ~*~*~tactically~*~*~ (stealth).
  3473 | D:3      | 3473 ||| Stepping ~*~*~tactically~*~*~ (stealth).
  3475 | D:3      | 3475 ||| Stepping ~*~*~tactically~*~*~ (stealth).
  3484 | D:3      | 3484 ||| Stepping ~*~*~tactically~*~*~ (hiding).
  3485 | D:3      | 3485 ||| Stepping ~*~*~tactically~*~*~ (hiding).
  3498 | D:3      | Killed Robin
  3500 | D:3      | 3500 ||| Stepping ~*~*~tactically~*~*~ (stealth).
  3503 | D:3      | 3503 ||| Stepping ~*~*~tactically~*~*~ (stealth).
  3933 | D:3      | 3933 ||| UPGRADING to +3 leather armour "Alauffeo" {+Blink
                  | Will+ Dex+3}.
  3943 | D:3      | 3943 ||| DROPPING +0 ring mail.
  3944 | D:3      | 3944 ||| UPGRADING to +0 helmet.
  3949 | D:3      | 3949 ||| DRINKING 2 fuming ruby potions.
  3950 | D:3      | 3950 ||| DROPPING potion of flight.
  4171 | D:4      | 4171 ||| Stepping ~*~*~tactically~*~*~ (stealth).
  4174 | D:4      | 4174 ||| DROPPING +0 mace.
  4329 | D:4      | Found a runed translucent gate.
  4329 | D:4      | Found a runed translucent gate.
  4329 | D:4      | Found a runed translucent gate.
  4329 | D:4      | Noticed qw's ghost (weakling GrDe)
  4332 | D:4      | 4332 ||| UPGRADING to +6 ring of dexterity.
  4333 | D:4      | 4333 ||| READING scroll labelled PUALAZ IMPUQAF.
  4334 | D:4      | 4334 ||| READING scroll of teleportation.
  4369 | D:4      | 4369 ||| Stepping randomly (stuck).
  4369 | D:4      | Found a basalt altar of Yredelemnul.
  4370 | D:4      | 4370 ||| Stepping randomly (stuck).
  4371 | D:4      | 4371 ||| Stepping randomly (stuck).
  4574 | D:4      | 4574 ||| DROPPING +1 whip of draining.
  4666 | D:4      | 4666 ||| READING 2 scrolls of identify.
  4666 | D:4      | 4666 ||| IDENTIFYING orange potion
  4667 | D:4      | 4667 ||| DROPPING potion of invisibility.
  4712 | D:5      | Reached XP level 7. HP: 11/41 MP: 7/7
  4970 | D:5      | 4970 ||| Stepping ~*~*~tactically~*~*~ (stealth).
  4986 | D:5      | HP: 9/41 [gnoll/+0 club[a gnoll sergeant] (2)]
  4986 | D:5      | HP: 1/41 [gnoll sergeant/+0 spear of flaming (8)]
  4986 | D:5      | Slain by a gnoll sergeant

Levels and vault maps discovered:
D:1:      saegor_arrival_simple_a, layout_basic, serial_corexii_hall,
          chequers_hall_statues_wall_a, chequers_hall_statues_y, serial_shops,
          shop, glass_columns_b
D:2:      minmay_razor_zed, layout_basic, basic_ecumenical_altar
D:3:      layout_basic, uniq_robin, uniq_sigmund, uniq_terence
D:4:      layout_basic, nicolae_yredelemnul_ghost_church, chequers_garden
D:5:      wander_river, layout_basic, xom_butterflies, jmf_multi_god_temple2,
          minmay_temple_entry_enclosed_plants, uniq_blork_the_orc

Skill      XL: |  1  2  3  4  5  6  7 |
---------------+----------------------+-----
Axes           | 2 3 4 5 |  5.0
Shields        | 1 3 4 5 |  5.4
Armour         | 1 |  1.2
Fighting       | |  3.2
Dodging        | |  1.5
Stealth        | |  5.4

Action                   |  1- 3 |  4- 6 |  7- 9 || total
-------------------------+-------+-------+-------++-------
Melee: Hand axe          |   113 |   254 |    16 ||   383
  Use: Scroll            |     5 |     7 |       ||    12
       Potion            |     1 |     1 |       ||     2
 Stab: Sleeping          |     5 |     4 |       ||     9
       Distracted        |     1 |       |       ||     1
Armor: Leather armour    |    56 |    65 |     4 ||   125
       Ring mail         |       |    23 |       ||    23
Dodge: Dodged            |    77 |   108 |     5 ||   190
Block: Kite shield       |    15 |    88 |     8 ||   111

Table legend:
 A = Non-vault XP
 B = Vault XP
 C = Vault XP percentage of total XP
 D = Non-vault monster count
 E = Vault monster count
 F = Vault count percentage of total count
                 A         B        C        D         E       F
            +---------+---------+-------+---------+---------+-------
      Total |     364 |     395 |  52.0 |      77 |      21 |  21.4
            +---------+---------+-------+---------+---------+-------
        D:1 |      27 |       0 |   0.0 |      16 |       0 |   0.0
        D:2 |     128 |      51 |  28.5 |      30 |      10 |  25.0
        D:3 |      31 |     292 |  90.4 |      14 |       9 |  39.1
        D:4 |      30 |      52 |  63.4 |      14 |       2 |  12.5
        D:5 |     148 |       0 |   0.0 |       3 |       0 |   0.0
            +---------+---------+-------+---------+---------+-------
